 Seeded DCSS version 0.27-a0-1456-gf5a116941d (webtiles) character file.

Game seed: 20210706 (custom seed)

4286 muata the Grappler (level 10, -3/100 HPs)
             Began as a Troll Monk on July 6, 2021.
             Slain by a wyvern (18 damage)
             ... on level 9 of the Dungeon.
             The game lasted 00:25:06 (7188 turns).

muata the Grappler (Troll Monk)                     Turns: 7188, Time: 00:25:06

Health: -3/100     AC:  4    Str: 21    XL:     10   Next: 10%
Magic:  9/9        EV: 12    Int:  6    God:
Gold:   271        SH:  0    Dex: 15    Spells: 9/9 levels left

rFire    . . .     SeeInvis .     - Unarmed
rCold    + . .     Faith    .   (no shield)
rNeg     . . .     Spirit   .   a - +0 robe
rPois    .         Reflect  .   (helmet restricted)
rElec    .         Harm     .   (no cloak)
rCorr    .         Rampage  .   (gloves unavailable)
Will     .....                  (boots unavailable)
Stlth    ++........             B - amulet of the acrobat
HPRegen  1.26/turn              l - ring of protection from cold
MPRegen  0.11/turn              y - ring of flight

@: mighty, flying
A: large, unfitting armour, claws 3, regeneration 1, shaggy fur 1, tough skin 1
a: no special abilities


You were on level 9 of the Dungeon.
You visited 1 branch of the dungeon, and saw 9 of its levels.

You collected 355 gold pieces.
You spent 84 gold pieces at shops.

Inventory:

Missiles
 b - 41 poisoned darts (quivered)
 e - 5 throwing nets
 C - 7 atropa-tipped darts
Armour
 a - a +0 robe (worn)
Jewellery
 l - a ring of protection from cold (left claw)
 y - a ring of flight (right claw)
 B - an amulet of the acrobat (around neck)
 F - a ring of protection from fire
 I - a ring of wizardry
Wands
 p - a wand of flame (61)
 t - a wand of iceblast (8)
 w - a wand of digging (3)
 G - a wand of paralysis (4)
 J - a wand of acid (13)
Scrolls
 d - a scroll of summoning {unknown}
 f - a scroll of torment {unknown}
 g - a scroll of amnesia {unknown}
 h - 2 scrolls of enchant weapon
 i - a scroll of blinking
 j - 5 scrolls of enchant armour
 k - 2 scrolls of fear
 r - 2 scrolls of magic mapping
 s - 2 scrolls of fog {unknown}
 u - a scroll of silence {unknown}
 x - a scroll of vulnerability {unknown}
 z - 4 scrolls of teleportation {unknown}
 A - 2 scrolls of noise {unknown}
Potions
 c - a potion of heal wounds {unknown}
 m - 3 potions of curing
 n - a potion of attraction {unknown}
 o - a potion of haste {unknown}
 q - a potion of lignification {unknown}
 v - a potion of might
 D - 3 potions of flight {unknown}
 E - a potion of magic {unknown}
 H - a potion of invisibility {unknown}
 K - a potion of degeneration {unknown}


   Skills:
 + Level 6.9 Fighting
 - Level 6.0 Dodging
 - Level 1.0 Stealth
 + Level 11.0 Unarmed Combat


You had 9 spell levels left.
You didn't know any spells.
Your spell library contained the following spells:

 Spells                   Type           Power      Damage    Failure   Level
 Beastly Appendage        Tmut           0%         N/A       45%         1
 Poisonous Vapours        Pois/Air       0%         N/A       58%         2
 Wereblood                Tmut           0%         N/A       58%         2
 Mephitic Cloud           Conj/Pois/Air  0%         N/A       83%         3
 Spider Form              Tmut/Pois      0%         N/A       83%         3
 Airstrike                Air            0%         N/A       99%         4
 Summon Ice Beast         Ice/Summ       0%         N/A       99%         4
 Summon Lightning Spire   Summ/Air       0%         N/A       99%         4
 Freezing Cloud           Conj/Ice/Air   0%         6-21      100%        5
 Lightning Bolt           Conj/Air       0%         1d11      100%        5
 Summon Mana Viper        Hex/Summ       0%         N/A       100%        5
 Monstrous Menagerie      Summ           0%         N/A       100%        7


Dungeon Overview and Level Annotations

Branches:
Dungeon (9/15)             Temple (0/1) D:6
   Lair: D:8-11         Orc: D:9-12

Altars:
Vehumet
Beogh

Shops:
D:7 !

Portals:
Abyss: D:3

Annotations:
D:3 2 transporters, dickylongcocking's ghost, amateur DjWn
D:6 3 runed translucent doors, DemonSlayer's ghost, novice HuBe
D:7 exclusion: ice statue


Innate Abilities, Weirdness & Mutations

You are too large for most types of armour.
You have claws for hands.
Your natural rate of healing is unusually fast.
You are covered in fur. (AC +1)
You have tough skin. (AC +1)


Message History

The wyvern is severely wounded.
The wyvern bites you!
A wyvern comes into view.
The wyvern hisses angrily.
You scratch the wyvern but do no damage.
The wyvern is severely wounded.
You hear a bellow!
The wyvern closely misses you.
You scratch the wyvern.
The wyvern is severely wounded.
The wyvern closely misses you. The wyvern bites you!
You scratch the wyvern but do no damage.
The wyvern is severely wounded.
The wyvern bites you! The wyvern completely misses you.
The wyvern hisses menacingly.
The wyvern completely misses you. x2
You barely miss the wyvern.
The wyvern is severely wounded.
The wyvern barely misses you. The wyvern bites you!
You closely miss the wyvern.
The wyvern is severely wounded.
The wyvern closely misses you. x2
You scratch the wyvern but do no damage.
The wyvern is severely wounded.
The wyvern bites you but does no damage.
The wyvern misses you.
You barely miss the wyvern.
The wyvern is severely wounded.
The wyvern bites you. x2; The wyvern closely misses you.
The wyvern bites you!
You feel better. The wyvern closely misses you. x2
You feel very mighty all of a sudden. The wyvern bites you!
The wyvern closely misses you. The wyvern bites you!
* * * LOW HITPOINT WARNING * * *
The wyvern bites you!
* * * LOW HITPOINT WARNING * * *
You closely miss the wyvern.
The wyvern is severely wounded.
The wyvern bites you!!
You die...

#))....#. ♣....
#......'.
..♣..##+########......##
....................####
....................#...
....................#...
..............(.....#...
........l...........#...
.......@l...........'...
....................####
#+#######....####.......
#....# #....... #....#
#....... #....+ #.......
#....# +....... #....#
#.>..... ####....#
#....###


You could see 2 wyverns.

Vanquished Creatures
  Harold (D:7)
  Joseph (D:7)
  Prince Ribbit (D:7)
  A steam dragon (D:8)
  Menkaure (D:4)
  2 water moccasins
  A black bear (D:5)
  An ice beast (D:6)
  2 sky beasts (D:8)
  2 necrophages
  3 ogres
  3 centaurs
  A phantom (D:6)
  A kobold brigand (D:8)
  4 bullfrogs
  2 scorpions
  A wyvern zombie (D:8)
  2 water moccasin skeletons (D:5)
  3 wights (D:9)
  3 centaur zombies
  A jelly (D:5)
  3 gnoll shamans
  An orc priest (D:6)
  A centaur skeleton (D:7)
  2 hounds
  Terence (D:2)
  2 iguanas
  An orc wizard (D:5)
  A hound skeleton (D:4)
  A howler monkey zombie (D:6)
  10 gnolls
  A howler monkey skeleton (D:7)
  8 adders
  2 white imps (D:7)
  2 ufetubi
  A worm (D:3)
  2 dart slugs (D:3)
  12 orcs
  5 ball pythons
  5 endoplasms
  4 giant cockroaches
  7 goblins
  6 hobgoblins
  5 jackals
  13 kobolds
  3 quokkas (D:2)
  3 bats
  6 frilled lizards
  8 rats
153 creatures vanquished.

Vanquished Creatures (others)
  6 fungi (D:9)
  16 plants (D:9)
  A withered plant (D:1)
23 creatures vanquished.

Grand Total: 176 creatures vanquished

Notes
Turn   | Place    | Note
-------+----------+-------------------------------------------
     0 | D:1      | muata the Troll Monk began the quest for the Orb.
     0 | D:1      | Reached XP level 1. HP: 22/22 MP: 0/0
   209 | D:1      | Reached XP level 2. HP: 29/29 MP: 1/1
   297 | D:1      | Found a faded altar of an unknown god.
  1169 | D:2      | Reached XP level 3. HP: 36/36 MP: 2/2
  1278 | D:2      | Reached skill level 4 in Unarmed Combat
  1571 | D:2      | Noticed Terence
  1576 | D:2      | Killed Terence
  1577 | D:2      | Reached XP level 4. HP: 34/44 MP: 3/3
  2027 | D:3      | Found a one-way gate to the infinite horrors of the Abyss.
  2027 | D:3      | Noticed dickylongcocking's ghost (amateur DjWn)
  2029 | D:3      | Noticed a kobold brigand
  2061 | D:3      | Noticed a toenail golem
  2114 | D:3      | Found a transporter.
  2218 | D:3      | Found a transporter.
  2275 | D:3      | Reached XP level 5. HP: 50/50 MP: 4/4
  2328 | D:3      | Reached skill level 5 in Unarmed Combat
  3243 | D:4      | Noticed Menkaure
  3248 | D:4      | Killed Menkaure
  3249 | D:4      | Reached skill level 6 in Unarmed Combat
  3249 | D:4      | Reached XP level 6. HP: 13/59 MP: 5/5
  3422 | D:5      | Entered Level 5 of the Dungeon
  3538 | D:5      | Reached XP level 7. HP: 55/66 MP: 6/6
  3621 | D:5      | Reached skill level 5 in Dodging
  3621 | D:5      | Reached skill level 7 in Unarmed Combat
  3956 | D:6      | Reached XP level 8. HP: 54/74 MP: 7/7
  4196 | D:6      | Found a staircase to the Ecumenical Temple.
  4324 | D:5      | Reached skill level 8 in Unarmed Combat
  4677 | D:6      | Identified the +0 plate armour "Kereriv" {Will++}
  4679 | D:6      | Noticed DemonSlayer's ghost (novice HuBe)
  4679 | D:6      | Found a runed translucent gate.
  4679 | D:6      | Found a runed translucent gate.
  4865 | D:6      | Found a runed translucent gate.
  5330 | D:7      | Reached skill level 9 in Unarmed Combat
  5338 | D:7      | Noticed Joseph
  5415 | D:7      | Killed Joseph
  5416 | D:7      | Reached XP level 9. HP: 50/87 MP: 8/8
  5481 | D:7      | Noticed an ice statue
  5560 | D:7      | Noticed Harold
  5572 | D:7      | HP: 4/87 [Harold (19)]
  5573 | D:7      | Killed Harold
  5574 | D:7      | Reached skill level 5 in Fighting
  5574 | D:7      | Reached skill level 10 in Unarmed Combat
  5674 | D:7      | Noticed Prince Ribbit
  5675 | D:7      | Found Uhaxuh's Distillery.
  5681 | D:7      | Killed Prince Ribbit
  5700 | D:7      | Bought a potion of might for 48 gold pieces
  5700 | D:7      | Bought a potion of curing for 36 gold pieces
  6101 | D:8      | Found a radiant altar of Vehumet.
  6606 | D:8      | Reached XP level 10. HP: 81/100 MP: 9/9
  7157 | D:9      | Reached skill level 11 in Unarmed Combat
  7188 | D:9      | Slain by a wyvern

Illustrated notes

Levels and vault maps discovered:
D:1:      minmay_arrival_cross, layout_loops_corners,
          shapermc_ecumenical_altar_gd
D:2:      layout_basic, kennysheep_generic_room_14, uniq_terence
D:3:      cheibrodos_helix_gallery, layout_basic, gammafunk_ghost_abyssal_escape
D:4:      layout_loops_ring, corexii_mini_fake_secret_closet, uniq_menkaure
D:5:      layout_basic
D:6:      layout_basic, temple_fountains, biasface_ghost_orc_armoury
D:7:      lemuel_ice_statue, layout_loops_ring, serial_shops,
          nicolae_diamond_shop, grunt_decor_cap, uniq_harold,
          uniq_prince_ribbit1, uniq_joseph
D:8:      layout_basic, vehumet_altar_wand_db,
          hangedman_abyss_or_decor_lesser_grid
D:9:      layout_gridville, minmay_lair_entry_grove

Skill      XL: |  1  2  3  4  5  6  7  8  9 10 |
---------------+-------------------------------+-----
Dodging        | 3 4 5 6 |  6.0
Unarmed Combat | 4 6 7 9 10 11 | 11.0
Fighting       | 4 6 |  6.9
Stealth        | |  1.0

Action                   |  1- 3 |  4- 6 |  7- 9 | 10-12 || total
-------------------------+-------+-------+-------+-------++-------
Melee: Unarmed           |    65 |   135 |   238 |    25 ||   463
       Punch             |       |     3 |    12 |     1 ||    16
Throw: Dart              |       |       |     3 |       ||     3
  Use: Scroll            |       |     1 |     8 |       ||     9
       Potion            |       |       |     1 |     2 ||     3
 Stab: Sleeping          |     1 |     2 |     1 |     1 ||     5
Armor: Robe              |    16 |    45 |    42 |     3 ||   106
Dodge: Dodged            |    29 |    84 |   162 |    26 ||   301

Table legend: (Time is in decaauts)
 A = Elapsed time spent in this place.
 B = Non-inter-level travel time spent in this place.
 C = Inter-level travel time spent in this place.
 D = Time resting spent in this place.
 E = Time spent auto-exploring this place.
 F = Levels seen in this place.
 G = Mean time per level.
                   A        B        C        D        E       F      G
               +--------+--------+--------+--------+--------+-----+--------+
         Total |   7146 |   6792 |    354 |    363 |   4539 |   9 |  794.0 |
       Dungeon |   7146 |   6792 |    354 |    363 |   4539 |   9 |  794.0 |
               +--------+--------+--------+--------+--------+-----+--------+

Top non-repeatable levels by time:
     D:1: 1155 daAuts
     D:6: 1154 daAuts
     D:2: 916 daAuts
     D:8: 855 daAuts
     D:4: 843 daAuts
     D:7: 768 daAuts
     D:5: 703 daAuts
     D:3: 579 daAuts
     D:9: 170 daAuts
